AoeStats
← Arthur Morgan

Arabia

506326596Analyzed
1v1 RM · 18d ago on Sep 13, 2026· 35m 21s· 2 players
Game mode
Random Map
Map size
Tiny (2 player)
Population
200
Speed
Normal
Resources
Standard
Victory
Conquest
Starting age
Dark Age
Ending age
Imperial Age
RankedLock teamsTeams togetherTeam positionsShared explorationLock speedFull tech treeHidden civsTurbo modeCheats
Victory
Defeat
🇲🇽 Britons · Mexico
1150
+15
🇨🇱 Vietnamese · Chile
1133
-15
Arthur Morgan
6:27 Loom
7:06 Loom
7:41 Loom
11:34 Feudal Age
12:16 Gold Mining
13:07 Horse Collar
13:16 Double-Bit Axe
19:32 Fletching
22:36 Wheelbarrow
23:13 Padded Archer Armor
26:47 Castle Age
25:09 Scale Mail Armor
26:28 Forging
27:00 Crossbowman
27:39 Bodkin Arrow
27:38 Elite Skirmisher
29:03 Crossbowman
35:18 Hand Cart
[GDL] Sr. Yo
8:02 Loom
10:58 Feudal Age
11:54 Double-Bit Axe
14:48 Fletching
16:27 Wheelbarrow
16:48 Padded Archer Armor
16:53 Gold Mining
23:06 Castle Age
21:19 Horse Collar
23:42 Bodkin Arrow
23:10 Crossbowman
24:47 Bow Saw
31:22 Ballistics
32:19 Town Watch
33:08 Heavy Plow
Connection lost

Rejoining the realm…

Still unreachable

The connection could not be restored.

Session expired

The server has moved on; the page needs a fresh start.